 Dungeon Crawl Stone Soup version 0.29-a0-11-ga75d3d97ab (webtiles) character file.

Game seed: 16759173736454545743

423 Hasart the Insei (level 6, 0/41 HPs)
             Began as an Octopode Transmuter on Jan 28, 2022.
             Slain by a phantom (5 damage)
             ... on level 3 of the Dungeon.
             The game lasted 00:07:12 (4414 turns).

Hasart the Insei (Octopode Transmuter)              Turns: 4414, Time: 00:07:13

Health: 0/41       AC:  3    Str: 10    XL:     6   Next: 95%
Magic:  10/10      EV: 13    Int: 17    God:
Gold:   123        SH:  0    Dex: 12    Spells: 1/11 levels left

rFire   . . .      SeeInvis .     - Unarmed
rCold   . . .      Faith    .   (no shield)
rNeg    . . .      Spirit   .   h - +2 hat
rPois   .          Reflect  .   l - amulet of the acrobat
rElec   .          Harm     .   r - ring of flight
rCorr   .          Rampage  .   (no ring)
Will    .....                   (no ring)
Stlth   ++........              (no ring)
HPRegen 0.13/turn               (no ring)
MPRegen 0.12/turn               (no ring)
                                (no ring)
                                (no ring)

@: flying
A: almost no armour, amphibious, 8 rings, camouflage 1, gelatinous body 1,
(nimble swimmer 1), tentacles
a: no special abilities


You were on level 3 of the Dungeon.
You visited 1 branch of the dungeon, and saw 4 of its levels.

You collected 123 gold pieces.

Inventory:

Missiles
 n - 6 poisoned darts
 q - 2 boomerangs
Armour
 h - a +2 hat (worn)
Jewellery
 l - an amulet of the acrobat (around mantle)
 r - a ring of flight (left tentacle)
Wands
 m - a wand of digging (5)
Scrolls
 a - 3 scrolls of immolation {unknown}
 e - 3 scrolls of identify {unknown}
 f - a scroll of blinking {unknown}
 i - a scroll of vulnerability {unknown}
Potions
 b - 6 potions of curing
 c - a potion of flight {unknown}
 d - 2 potions of lignification {unknown}
 g - a potion of cancellation {unknown}
 j - a potion of magic {unknown}
 k - a potion of mutation {unknown}
 o - a potion of attraction {unknown}
 p - a potion of resistance {unknown}


   Skills:
 + Level 2.4 Fighting
 + Level 0.5 Throwing
 + Level 3.2 Dodging
 * Level 4.7 Unarmed Combat
 + Level 3.0 Spellcasting
 + Level 3.1 Transmutations
 + Level 0.8 Ice Magic
 + Level 2.4 Poison Magic


You had one spell level left.
You knew the following spells:

 Your Spells              Type           Power      Damage    Failure   Level
a - Beastly Appendage     Tmut           26%        N/A       4%          1
b - Wereblood             Tmut           13%        N/A       8%          2
c - Spider Form           Tmut/Pois      12%        N/A       17%         3
d - Ice Form              Ice/Tmut       9%         N/A       58%         4

Your spell library contained the following spells:

 Spells                   Type           Power      Damage    Failure   Level
 Animate Skeleton         Necr           4%         N/A       17%         1
 Pain                     Necr           8%         1d4       17%         1
 Vampiric Draining        Necr           2%         2d6       45%         3


Dungeon Overview and Level Annotations

Branches:
Dungeon (4/15)
 Temple: D:4-7

Altars:
Elyvilon
Fedhas
Yredelemnul


Innate Abilities, Weirdness & Mutations

You cannot wear most types of armour.
You are amphibious.
You can wear up to eight rings at the same time.
Your skin changes colour to match your surroundings (Stealth+).
Your rubbery body absorbs attacks. (AC +1, EV +1)
((You are camouflaged when in or above water. (Stealth+)))
You have tentacles for arms and can constrict up to eight enemies at once.


Message History

You fly downwards.
The phantom hits you! The phantom hits you.
There is a stone staircase leading up here.
The phantom completely misses you.
You fly upwards.
There is a stone staircase leading down here.
There is a stone staircase leading down here.
There is a stone staircase leading down here.
There is a stone staircase leading down here.
The phantom completely misses you.
Casting: Beastly Appendage (safe; 4% risk of failure)
Confirm with . or Enter, or press ? or * to list all spells.
One of your tentacles grows a vicious spike.
Your +2 hat melds into your body.
The phantom hits you!
The phantom blinks!
You blink.
You tentacle-slap the phantom.
You pierce the phantom.
The phantom is heavily damaged.
You closely miss the phantom. Your squeeze misses the phantom.
The phantom is heavily damaged.
The phantom hits you!
You closely miss the phantom.
You pierce the phantom.
Your squeeze misses the phantom.
The phantom is heavily damaged.
The phantom hits you.
* * * LOW HITPOINT WARNING * * *
Your transformation is almost over.
You closely miss the phantom.
Your tentacle spike misses the phantom.
You tentacle-slap the phantom, but do no damage.
You squeeze the phantom, but do no damage.
The phantom is heavily damaged.
The phantom barely misses you.
You tentacle-slap the phantom. You squeeze the phantom.
The phantom is severely damaged.
The phantom hits you.
* * * LOW HITPOINT WARNING * * *
There is a stone staircase leading up here.
Your tentacle spike disappears.
Your +2 hat unmelds from your body.
There is a stone staircase leading down here.
The phantom hits you.
You die...

......#.......#.....##
..##..##.............##
..##..#........>......#
...........<..........#
####..#...............#
# #...#...............#
###.#.#...............#
##..#.#........W......#
#..##†##........@....##
..###.###.....#.....##
### #.# #############
## #.# .# #.# .# ##.#
.# #..# .###.## .....#


You could see a phantom.

Vanquished Creatures
  A howler monkey (D:4)
  A centaur zombie (D:3)
  An orc priest (D:4)
  Jessica (D:3)
  Natasha (thrice) (D:2)
  Terence (D:2)
  2 hound skeletons (D:4)
  Robin (D:3)
  3 gnolls (D:2)
  3 adders
  2 worms
  8 dart slugs
  8 orcs
  5 bats
  3 endoplasms
  7 giant cockroaches
  13 goblins
  5 hobgoblins
  A kobold (D:4)
  4 quokkas
  5 ball pythons
  A frilled lizard (D:1)
  5 rats
84 creatures vanquished.

Vanquished Creatures (others)
  11 fungi (D:4)
11 creatures vanquished.

Grand Total: 95 creatures vanquished

Notes
Turn   | Place    | Note
-------+----------+-------------------------------------------
     0 | D:1      | Hasart the Octopode Transmuter began the quest for the Orb.
     0 | D:1      | Reached XP level 1. HP: 13/13 MP: 3/3
   110 | D:1      | Reached XP level 2. HP: 15/18 MP: 5/5
   113 | D:1      | Learned a level 2 spell: Wereblood
   591 | D:1      | Reached XP level 3. HP: 10/23 MP: 6/6
   595 | D:1      | Learned a level 3 spell: Spider Form
  1538 | D:2      | Reached XP level 4. HP: 28/28 MP: 1/7
  1542 | D:2      | Reached skill level 1 in Poison Magic
  1761 | D:2      | Noticed Terence
  1773 | D:2      | Killed Terence
  2175 | D:2      | Reached skill level 4 in Unarmed Combat
  2254 | D:2      | Noticed Natasha
  2260 | D:2      | Killed Natasha
  2261 | D:2      | Reached XP level 5. HP: 21/34 MP: 8/8
  2504 | D:2      | Noticed Natasha
  2511 | D:2      | Killed Natasha
  2672 | D:2      | Noticed Natasha
  2678 | D:2      | Killed Natasha
  2882 | D:3      | Found a basalt altar of Yredelemnul.
  2915 | D:3      | Found a faded altar of an unknown god.
  3018 | D:3      | Found a white marble altar of Elyvilon.
  3163 | D:3      | Noticed Robin
  3258 | D:3      | Killed Robin
  3259 | D:3      | Reached XP level 6. HP: 39/39 MP: 10/10
  3266 | D:3      | Learned a level 4 spell: Ice Form
  3454 | D:3      | Found a blossoming altar of Fedhas.
  3454 | D:3      | Noticed Jessica
  3464 | D:3      | Killed Jessica
  4414 | D:3      | Slain by a phantom

Illustrated notes

Levels and vault maps discovered:
D:1:      sevenhm_arrival_forest_fort_large_2, layout_loops_cross
D:2:      layout_loops_cross, minmay_misc_feat_rows, uniq_terence, uniq_natasha
D:3:      layout_rooms, kennysheep_ying_yang, old_standard_altar,
          shapermc_ecumenical_altar_hornbeckon, uniq_robin, uniq_jessica
D:4:      old_forge, layout_cave_pools,
          nicolae_dithmenos_through_a_glass_darkly,
          nicolae_overflow_crystal_walls, chequers_serial_rivers_micro_d

Skill      XL: |  1  2  3  4  5  6 |
---------------+-------------------+-----
Poison Magic   | 1 2 |  2.4
Unarmed Combat | 4 |  4.7
Fighting       | 2 |  2.4
Dodging        | 3 |  3.2
Transmutations | 3 |  3.1
Spellcasting   | 3 |  3.0
Throwing       | |  0.5
Ice Magic      | |  0.8

Action                   |  1- 3 |  4- 6 || total
-------------------------+-------+-------++-------
Melee: Unarmed           |    57 |   154 ||   211
       Tentacles         |     9 |    21 ||    30
       Constrict         |    14 |    26 ||    40
       Kick              |     2 |     8 ||    10
       Punch             |     2 |     5 ||     7
 Cast: Beastly Appendage |     1 |     4 ||     5
       Spider Form       |     3 |     4 ||     7
       Wereblood         |     1 |     4 ||     5
 Stab: Sleeping          |     6 |     4 ||    10
Armor: Skin              |     6 |    19 ||    25
Dodge: Dodged            |    43 |    86 ||   129

Table legend: (Time is in decaauts)
 A = Elapsed time spent in this place.
 B = Non-inter-level travel time spent in this place.
 C = Inter-level travel time spent in this place.
 D = Time resting spent in this place.
 E = Time spent auto-exploring this place.
 F = Levels seen in this place.
 G = Mean time per level.
                   A        B        C        D        E       F      G
               +--------+--------+--------+--------+--------+-----+--------+
         Total |   4401 |   4300 |    101 |    581 |   2963 |   4 | 1100.2 |
       Dungeon |   4401 |   4300 |    101 |    581 |   2963 |   4 | 1100.2 |
               +--------+--------+--------+--------+--------+-----+--------+

Top non-repeatable levels by time:
     D:2: 1404 daAuts
     D:1: 1364 daAuts
     D:3: 1291 daAuts
     D:4: 340 daAuts
